[Event "34th Pula Open 2022"]
[Site "Pula"]
[Date "2022.06.21"]
[Round "5.9"]
[White "Maier, Christian"]
[Black "Medic, Mirjana"]
[Result "1/2-1/2"]
[ECO "C01"]
[WhiteElo "2299"]
[BlackElo "2167"]
[Annotator "TA"]
[PlyCount "97"]
[EventDate "2022.06.18"]
[EventType "swiss"]
[EventCountry "CRO"]
[SourceTitle "playchess.com"]
[Source "ChessBase"]
[SourceQuality "1"]
[TimeControl "5400+30"]

1. e4 e6 2. d4 d5 3. Nc3 Nf6 4. exd5 exd5 5. Bg5 c6 6. Bd3 Be7 7. Nge2 {[%emt 0:00:08] C01: French: Exchange Variation.} Nbd7 (7... O-O {with more complications.} 8. Ng3 Bd6 9. Qd2 Re8+) 8. O-O O-O 9. Ng3 g6 {[%emt 0:01:25] Against Nf5} 10. Qd2 (10. Re1 {keeps more tension.} Re8 11. Qf3 Kg7 12. Qe3) 10... Re8 (10... Ne8 $11 11. Bh6 Ng7) 11. Rae1 {[%emt 0:00:35] White is more active.} (11. f4 $5 ) 11... Nf8 {[%emt 0:02:02] [#]} 12. h3 $146 ({Predecessor:} 12. f4 Ne6 13. Bxf6 Bxf6 14. f5 Nc7 15. Qf2 Rxe1 16. Rxe1 Bd7 17. Nb1 Qf8 18. Nd2 Re8 19. c3 Rxe1+ 20. Qxe1 Qe8 21. Nf3 Qxe1+ 22. Nxe1 Ne8 23. Kf2 {½-½ (23) Reichardt,M (1700)-Weiss,L (1959) LSS email 2010}) 12... Ne6 13. Be3 Bd7 14. Nce2 c5 15. c3 c4 16. Bb1 Bd6 {[%emt 0:00:23] [#]} (16... Ng7 $11) 17. f4 $1 $16 Ng7 18. f5 $1 Nfh5 19. fxg6 fxg6 20. Nxh5 Nxh5 21. g4 $2 {[%emt 0:02:54][%mdl 8192] [#]} (21. Nf4 $11 Ng3 22. Rf3 (22. Nxd5 Nxf1 23. Rxf1 Rf8 $11)) 21... Ng3 $2 (21... Qh4 $1 $19 22. gxh5 Bxh3) 22. Nxg3 $11 Bxg3 23. Bf2 $1 Rxe1 24. Qxe1 Bxf2+ 25. Qxf2 {[%emt 0:00:28] Black must now prevent Qf7+.} Qe7 {[%emt 0:01:05] Prevents Qf7+.} 26. Re1 Qf7 27. Re5 Bc6 28. Bc2 Re8 29. Qxf7+ Kxf7 30. Rxe8 Bxe8 {[%emt 0:00:36][%mdl 4096] Endgame KB-KB} 31. g5 Bd7 32. Kg2 Ke7 33. Kg3 Kd6 34. h4 Be8 35. Kf4 b6 36. h5 b5 37. h6 Ke6 38. b3 Kd6 39. bxc4 bxc4 {[%emt 0:00:03] The position is equal.} 40. Ke3 Kc7 41. Kd2 a5 42. Kc1 Kb6 43. Kb2 Kb5 44. Ka3 {[%emt 0:00:26] Ba4+ would kill now.} Kb6 45. Bd1 Bd7 46. Bf3 Be6 47. Be2 Bd7 48. Bd1 Ka6 49. Bc2 {[%emt 0:00:30] Weighted Error Value: White=0.15 (very precise) /Black=0.15 (very precise)} 1/2-1/2

[Event "34th Pula Open 2022"]
[Site "Pula"]
[Date "2022.06.21"]
[Round "5.10"]
[White "Novosel, Lovro"]
[Black "Seres, Bela"]
[Result "0-1"]
[ECO "A11"]
[WhiteElo "2279"]
[BlackElo "2164"]
[Annotator "TA"]
[PlyCount "164"]
[EventDate "2022.06.18"]
[EventType "swiss"]
[EventCountry "CRO"]
[SourceTitle "playchess.com"]
[Source "ChessBase"]
[SourceQuality "1"]
[TimeControl "5400+30"]

1. Nf3 d5 2. g3 Bf5 3. Bg2 e6 4. O-O Nf6 5. d3 h6 6. c4 c6 7. Nc3 Be7 8. a3 {[%emt 0:03:34] A11: English Opening: 1...c6.} (8. Qb3 $14 {is superior.} Qc8 9. cxd5) 8... O-O 9. b3 Nbd7 10. Bb2 {[%emt 0:00:11] Black has an edge.} a5 11. Re1 Bh7 12. cxd5 exd5 13. Rc1 {[%emt 0:04:48] [#]} Nc5 $146 ({Predecessor:} 13... Re8 14. Bh3 Bd6 15. Ra1 Qb6 16. d4 a4 17. b4 Qa7 18. e3 Nb6 19. Ne5 Re7 {0-1 (94) Tutisani,N (2347)-Mammadov,Z (2421) Nakhchivan 2017}) 14. Nb1 Qb6 15. Nbd2 Nfd7 16. Qc2 Rfe8 17. Ne5 Nxe5 18. Bxe5 Nd7 19. Bb2 Bc5 20. e3 Bd6 21. e4 Be5 (21... Bc5 $11 22. Rf1 dxe4 23. dxe4 Bg6) 22. exd5 $14 {[%emt 0:05:30] And now Nc4 would win.} Bxb2 23. Qxb2 cxd5 $1 24. Bxd5 Bxd3 25. Nc4 Bxc4 26. Bxc4 Qf6 27. Qxf6 Nxf6 28. Bb5 Rxe1+ 29. Rxe1 $11 {[%emt 0:00:02][%mdl 4096] Endgame KRB-KRN} Nd5 {[%emt 0:01:11] Against Re7} (29... Kf8 $11 {remains equal.}) 30. Re5 Nc3 31. Bc4 a4 32. Re3 b5 33. Rxc3 bxc4 34. bxc4 $16 {[%emt 0:03:35] KR-KR} Kf8 35. Kf1 Rb8 36. Ke2 ({White should try} 36. c5 $16) 36... Rb2+ $14 37. Ke3 Ke7 38. c5 Kd7 39. c6+ Kc7 40. h4 g6 41. f4 Rb5 (41... f5 $11) 42. Ke4 (42. g4 $1 $16) 42... f6 (42... Rb3 43. Rxb3 axb3 44. Kd3 $18) 43. Kd4 {[%emt 0:01:06] aiming for g4.} h5 {[%emt 0:01:14] [#]} (43... Rb3 44. Rxb3 axb3 45. Kc3 $18) (43... f5 $1 $14) 44. Re3 ({White should play} 44. Rc4 $1 $16) 44... Kd6 $11 (44... Rb3 $2 45. Rxb3 axb3 46. Kc3 $18) 45. Rc3 Rd5+ (45... Kc7 $1 $11 {keeps the balance.}) 46. Ke4 {[%emt 0:00:26] Intending c7 and mate.} f5+ {[%emt 0:00:20] [#]} 47. Ke3 $1 {[%emt 0:00:01] Threatening mate with c7.} Kc7 48. Rc4 Rb5 49. Rxa4 Rb3+ 50. Kf2 (50. Kd4 $16) 50... Kxc6 51. Ra6+ Kd5 $1 52. Rxg6 Rxa3 53. Rb6 Ra2+ 54. Kf3 Ra3+ 55. Kg2 $1 Ra2+ 56. Kh3 Ke4 57. Rb3 Rc2 58. Rb4+ $1 Kf3 59. Rb3+ Ke4 60. Rb1 Kf3 61. Rf1+ Ke4 62. Rg1 Kf3 63. Re1 Ra2 64. Rb1 Rc2 65. Rb3+ Ke4 66. Rb4+ Kf3 67. Rb5 Rc1 68. Rb3+ Ke4 69. Rb2 Kf3 70. Kh2 {[%emt 0:00:07] Against Rh1+} Kg4 71. Kg2 (71. Rb3 $1 $11) 71... Rc3 $17 72. Rb7 Rxg3+ 73. Kh2 Rf3 (73... Kxf4 {gets mated.} 74. Rb4+ Kf3 75. Rb3+ Kf4 76. Rxg3 Ke5 77. Rg5 Kf4 78. Kg2) ({Reject} 73... Kxh4 $6 74. Rf7 $11) 74. Kg2 Rxf4 75. Rb3 (75. Rf7 $17 {keeps fighting.}) 75... Ra4 $19 {[%emt 0:00:09] ...Ra2+ is the strong threat.} ({Worse is} 75... Kxh4 76. Rb8) 76. Kf2 $2 (76. Rb2) 76... Ra2+ 77. Ke3 f4+ {[%emt 0:00:05][%cal Bf5f4,Bf4f3,Bf3f2][%mdl 32] Black mates.} 78. Kd3 f3 79. Rb8 Re2 80. Rf8 Re7 81. Kd2 Kg3 82. Rf5 f2 {[%emt 0:00:22] Never resign too early!  Weighted Error Value: White=0.15 (very precise) /Black=0.19 (very precise)} 0-1

[Event "34th Pula Open 2022"]
[Site "Pula"]
[Date "2022.06.21"]
[Round "5.11"]
[White "Lavrencic, Matic"]
[Black "Stankovic, Boris"]
[Result "0-1"]
[ECO "B33"]
[WhiteElo "2130"]
[BlackElo "2287"]
[Annotator "TA"]
[PlyCount "92"]
[EventDate "2022.06.18"]
[EventType "swiss"]
[EventCountry "CRO"]
[SourceTitle "playchess.com"]
[Source "ChessBase"]
[SourceQuality "1"]
[TimeControl "5400+30"]

1. e4 c5 2. Nf3 Nc6 3. d4 cxd4 4. Nxd4 Nf6 5. Nc3 e5 6. Ndb5 d6 7. Nd5 Nxd5 8. exd5 Nb8 9. c4 a6 10. Nc3 Be7 11. Bd3 O-O 12. O-O f5 13. f3 Bg5 {[%emt 0:10:59] is the legacy move (13...Nd7). B33: Sicilian: Pelikan and Sveshnikov Variations.} 14. Kh1 Nd7 15. a3 Bxc1 {[%emt 0:05:17] The position is equal.} 16. Rxc1 Qh4 {[%emt 0:01:29] [#]} 17. Qe1 $146 ({Predecessor:} 17. b4 Rf6 18. g3 Qh3 19. Rf2 Rh6 20. Qd2 Nf6 21. c5 dxc5 22. bxc5 Bd7 23. Kg1 {½-½ (77) Kalisky,V (2253)-Medvegyne Balogh,E (2082) Hungary 2008}) 17... Qh6 18. Bc2 e4 19. f4 Nf6 (19... b5 $5) 20. Kg1 Bd7 21. b4 Rfc8 22. Bb3 a5 23. h3 axb4 24. axb4 Ra3 25. Rb1 Kh8 26. Qc1 Raa8 27. Qe3 Rg8 28. Ne2 g5 29. fxg5 Rxg5 30. Nf4 Rag8 (30... Nh5 $5 31. Qc3+ Rg7 32. Nxh5 Qxh5 $15) 31. Qd4 {[%emt 0:04:25] [#]} (31. Qc3 $11) 31... Qg7 ({Black should play} 31... Rxg2+ $1 $17 32. Nxg2 f4) 32. Rb2 $11 Nh5 (32... Qe7 $11 {keeps the balance.}) 33. Qxg7+ $16 Kxg7 34. Nxh5+ ({White has to play} 34. h4 $14 Nxf4 35. hxg5) 34... Rxh5 $15 35. c5 {[%emt 0:06:51] [#]} (35. Bc2 $1 $11 {remains equal.}) 35... Kf6 $1 $36 {[%emt 0:05:21][%mdl 2048] Black is more active.} 36. c6 Bc8 {[%emt 0:00:12] And now ...Rxh3 would win.} 37. Ra1 (37. Kh2 $17) 37... Rhg5 $2 (37... Rxh3 $1 $19 {...f4 is the strong threat.} 38. Ra7 b5) 38. Ra7 {[%emt 0:05:31] [#]} R5g7 39. Ba4 (39. Bd1 $17 {was necessary.}) 39... b6 40. Ra8 (40. Rxg7 $142 Rxg7 41. Kf2) 40... f4 $19 {[%emt 0:00:28][%cal Bf5f4,Bf4f3,Bf3g2][%mdl 32] aiming for ...f3.} 41. Bb5 $2 (41. Kh2 {might work better.}) 41... f3 42. Kh1 {[%emt 0:02:38] [#]} ({Stronger than} 42. g4 Ke5 43. Kh2 h5 $19) 42... Bxh3 $1 43. Rxg8 fxg2+ 44. Kg1 Rxg8 45. Ba6 Ke5 46. Rb3 Bc8 {[%emt 0:00:42] Weighted Error Value: White=0.38/Black=0.22 (precise)} 0-1

[Event "34th Pula Open 2022"]
[Site "Pula"]
[Date "2022.06.21"]
[Round "5.12"]
[White "Milekic, Daniel"]
[Black "Balinski, Damian"]
[Result "1/2-1/2"]
[ECO "A80"]
[WhiteElo "2280"]
[BlackElo "2184"]
[Annotator "TA"]
[PlyCount "53"]
[EventDate "2022.06.18"]
[EventType "swiss"]
[EventCountry "CRO"]
[SourceTitle "playchess.com"]
[Source "ChessBase"]
[SourceQuality "1"]
[TimeControl "5400+30"]

1. d4 f5 2. Nc3 Nf6 3. Bg5 d5 4. f3 Nc6 5. Qd2 e6 6. a3 {[%emt 0:00:59] A80: Dutch Defence: Unusual White second moves.} Be7 7. Nh3 O-O 8. e3 {[%emt 0:04:38] [#]} Na5 $146 ({Predecessor:} 8... Bd7 9. Nf4 a6 10. h4 Bd6 11. Nh5 Ne7 12. Nxf6+ gxf6 13. Bf4 Bxf4 14. exf4 c5 15. dxc5 {1-0 (45) Papenin,N (2630)-Kuiper,J (2506) ICCF email 2010}) 9. Nf4 b6 10. b4 (10. h4 $14) 10... Nb7 $11 11. Nd1 a5 {[%emt 0:22:49] [#] White must now prevent ...axb4.} 12. Rb1 Ne4 13. fxe4 {[%emt 0:02:02] Hoping for Bxe7.} Bxg5 14. e5 axb4 15. axb4 c5 16. c3 c4 17. Be2 Bd7 18. O-O Qe7 19. Nf2 Ra7 20. Ra1 Rfa8 21. Qb2 Qe8 22. Bf3 Kh8 (22... Nd8 $11) 23. g3 (23. Rxa7 $14 Rxa7 24. N2h3) 23... Qb8 (23... Nd8 $11) 24. Kg2 {[%emt 0:03:00] White is much more active.} (24. Rxa7 $16 Rxa7 25. g4) 24... Ra4 (24... Nd8 $11) 25. Rxa4 $16 Rxa4 26. Ra1 {[%emt 0:00:17] [#] Strongly threatening Rxa4.} (26. g4 $5 ) 26... Qa7 27. Rxa4 {[%emt 0:00:24] Weighted Error Value: White=0.19 (very precise) /Black=0.27 (precise)} 1/2-1/2

[Event "34th Pula Open 2022"]
[Site "Pula"]
[Date "2022.06.22"]
[Round "6.1"]
[White "De Vleeschauwer, Maarten"]
[Black "Fercec, Nenad"]
[Result "1/2-1/2"]
[ECO "B21"]
[WhiteElo "2255"]
[BlackElo "2415"]
[Annotator "TA"]
[PlyCount "37"]
[EventDate "2022.06.18"]
[EventType "swiss"]
[EventCountry "CRO"]
[SourceTitle "playchess.com"]
[Source "ChessBase"]
[SourceQuality "1"]
[TimeControl "5400+30"]

1. e4 c5 2. d4 cxd4 3. c3 d3 4. Bxd3 Nc6 5. c4 g6 6. Nf3 Bg7 7. O-O Nf6 8. Nc3 O-O {[%emt 0:00:20] B21: Sicilian: 2 f4 and Morra Gambit.} 9. h3 d6 10. Be3 Nd7 {[%emt 0:02:38] White is slightly better.} 11. Rc1 Nc5 12. Bb1 Be6 13. Qe2 Qa5 (13... Bc8 $14) 14. Nd5 $16 Rfe8 {[%emt 0:16:34] [#]} 15. Bd2 $146 (15. Rfd1 $16) ({Predecessor:} 15. Rfd1 Rac8 16. Ng5 Na4 17. b3 Nc3 18. Nxc3 Bxc3 19. Nxe6 fxe6 20. Qg4 Kf7 21. f4 {1-0 (69) Jackson,J (2246)-Slavin,A (2374) Crawley 2013}) 15... Qd8 $1 $14 16. Bc3 Bh6 17. Bd2 {[%emt 0:01:21] White is more active.} Bg7 18. Bc3 Bh6 $1 19. Bd2 {[%emt 0:13:15] Weighted Error Value: White=0.19 (very precise) /Black=0.10 (very precise)} (19. Rcd1 $16) 1/2-1/2

[Event "34th Pula Open 2022"]
[Site "Pula"]
[Date "2022.06.22"]
[Round "6.2"]
[White "Maki-Uuro, Miikka"]
[Black "Nikcevic, Nebojsa"]
[Result "1/2-1/2"]
[ECO "D20"]
[WhiteElo "2332"]
[BlackElo "2387"]
[Annotator "TA"]
[PlyCount "31"]
[EventDate "2022.06.18"]
[EventType "swiss"]
[EventCountry "CRO"]
[SourceTitle "playchess.com"]
[Source "ChessBase"]
[SourceQuality "1"]
[TimeControl "5400+30"]

1. d4 d5 2. c4 dxc4 3. e4 Nf6 4. e5 Nd5 5. Bxc4 Nb6 6. Bb3 Bf5 7. Nc3 {[%emt 0:18:18][%cal Oe5e6] D20: Queen's Gambit Accepted: 3 e3 and 3 e4.} e6 8. Nf3 Be7 9. O-O Na6 {[%emt 0:03:53] [#]} 10. Qe2 $146 ({Predecessor:} 10. a3 c6 11. Re1 Nc7 12. Bc2 Bg4 13. Qd3 Nbd5 14. Ne4 Nb5 15. Bd1 Qb6 16. Be3 {0-1 (31) Ersel,I-Ivanoff,G (2022) ICCF email 2006}) 10... O-O 11. Rd1 Nb4 {[%emt 0:02:19] Prevents d5.} 12. a3 N4d5 13. Ne4 a5 14. Bd2 a4 15. Ba2 c6 16. Rac1 {[%emt 0:00:19] An uneventful encounter.  Weighted Error Value: White=0.06 (flawless) /Black=0.03 (flawless)} 1/2-1/2

[Event "34th Pula Open 2022"]
[Site "Pula"]
[Date "2022.06.22"]
[Round "6.3"]
[White "Lim, Zhuo Ren"]
[Black "Popovic, Milan S"]
[Result "1/2-1/2"]
[ECO "E62"]
[WhiteElo "2290"]
[BlackElo "2383"]
[Annotator "TA"]
[PlyCount "46"]
[EventDate "2022.06.18"]
[EventType "swiss"]
[EventCountry "CRO"]
[SourceTitle "playchess.com"]
[Source "ChessBase"]
[SourceQuality "1"]
[TimeControl "5400+30"]

1. c4 Nf6 2. Nc3 g6 3. Nf3 Bg7 4. g3 O-O 5. Bg2 d6 6. d4 c6 7. e4 Be6 {[%emt 0:00:07] [#] E62: King's Indian: Fianchetto: 6...c6 and Panno Variation (6...Nc6) without ...a6.} 8. Qd3 $146 ({Predecessor:} 8. Qe2 Bg4 9. h3 Bxf3 10. Bxf3 Nfd7 11. Be3 c5 12. d5 Ne5 13. Bg2 Qb6 14. Rd1 Qb4 15. Bf1 {1-0 (64) Keymer,V (2630)-Xiong,J (2700) Riga 2021}) 8... d5 9. Ng5 (9. cxd5 $11 {remains equal.} cxd5 10. e5) 9... dxe4 $1 $17 10. Ncxe4 Nxe4 11. Bxe4 Bc8 12. Be3 h6 13. Nxf7 Rxf7 14. Bxg6 Rf8 15. g4 (15. O-O $17) 15... Bxg4 (15... Qa5+ $19 16. Kf1 (16. Bd2 $2 Qb6 $19) 16... Bxg4) 16. Rg1 {[%emt 0:00:20] [#]} Bf5 17. Qd2 (17. Bxf5 $11 Qa5+ 18. Kf1 Qxf5 19. Qxf5 Rxf5 20. Bxh6) 17... Bxg6 18. Rxg6 Rf6 19. Rg3 {[%emt 0:01:15] [#] Threatens to win with Bxh6.} Kf7 ({Black should play} 19... Qd6 $1 $17 {Strongly threatening ...Rg6.} 20. O-O-O Rg6 21. Rxg6 Qxg6) 20. O-O-O $15 Qd7 21. d5 Qf5 {[%emt 0:05:20] ...Nd7 is the strong threat.} 22. Bd4 Nd7 23. Rdg1 {[%emt 0:04:26] [#]} Bf8 $1 {[%emt 0:07:00] Weighted Error Value: White=0.25 (precise) /Black=0.22 (precise)} 1/2-1/2

[Event "34th Pula Open 2022"]
[Site "Pula"]
[Date "2022.06.22"]
[Round "6.4"]
[White "Zufic, Miroslav"]
[Black "Starcevic, Ante Leon"]
[Result "1-0"]
[ECO "D94"]
[WhiteElo "2384"]
[BlackElo "2227"]
[Annotator "TA"]
[PlyCount "49"]
[EventDate "2022.06.18"]
[EventType "swiss"]
[EventCountry "CRO"]
[SourceTitle "playchess.com"]
[Source "ChessBase"]
[SourceQuality "1"]
[TimeControl "5400+30"]

1. d4 Nf6 2. c4 g6 3. Nf3 Bg7 4. e3 O-O 5. Be2 b6 6. O-O Bb7 7. Nc3 d5 8. b4 c5 {[%emt 0:20:29] D94: Grünfeld: 4 Nf3 Bg7 5 e3.} (8... dxc4 $11 9. Bxc4 Ne8) 9. bxc5 $16 (9. dxc5 Ne4 10. Nxe4 Bxa1 11. cxd5 Qxd5 $15) 9... bxc5 10. Rb1 (10. dxc5 Ne4 11. Nxe4 Bxa1 $15) 10... cxd4 {[%emt 0:01:53] White is better.} 11. Nxd4 {[%emt 0:15:43] [#]} (11. Rxb7 $6 dxc3 12. Rb3 Nc6 $11) 11... Qd7 $146 ({Predecessor:} 11... Ba6 12. cxd5 Bxe2 13. Ndxe2 Qc7 14. e4 Na6 15. Be3 Ng4 16. Bf4 Qc4 17. Qb3 Rfc8 18. Qxc4 Rxc4 {0-1 (45) Marvanyi,M-Rybansky,A (2080) Presov 2004}) 12. Qb3 Ba6 13. cxd5 {[%emt 0:03:31] White is more active.} Rd8 $2 (13... Rc8 $16) 14. Bxa6 $1 $18 Nxa6 {[%emt 0:00:08] [#]} 15. Nc6 {[%emt 0:00:36] Against Rdb8} Re8 16. Ba3 e6 17. Ne5 Qd8 (17... Qc8 {was necessary.} 18. Nxf7 Kxf7) 18. Qb7 Nxd5 (18... Qc7 $142 19. d6 (19. Qxa6 Qxe5 20. dxe6 Rxe6 $16) 19... Qxb7 20. Rxb7 Rec8) 19. Qxf7+ (19. Qxa6 Bxe5 20. Nxd5 Qxd5 $11) 19... Kh8 20. Nxd5 ({Don't do} 20. Rb7 Qf6 21. Nxd5 exd5 $18) 20... Qxd5 (20... exd5 $142 21. f4 Qf6 22. Qxd5 Qe6) 21. Nxg6+ hxg6 22. Rb7 Qe5 {[%emt 0:02:53] [#]} (22... Rg8 $2 23. Bb2 Qxb7 24. Qxb7 $18) (22... Nc7 23. Qxc7 Qe5) 23. Bb2 $1 {[%emt 0:00:09] White is clearly winning.} ({Weaker is} 23. Qxg6 Qf6 24. Qg4 (24. Qd3 e5 $16) 24... Reb8 $16) 23... Qxb2 24. Rxb2 Bxb2 25. Qb7 {[%emt 0:00:14] White took control after the opening.  Weighted Error Value: White=0.28 (precise) /Black=0.80} 1-0

[Event "34th Pula Open 2022"]
[Site "Pula"]
[Date "2022.06.22"]
[Round "6.5"]
[White "Seres, Bela"]
[Black "Jahncke, Giso"]
[Result "1-0"]
[ECO "D00"]
[WhiteElo "2164"]
[BlackElo "2321"]
[Annotator "TA"]
[PlyCount "141"]
[EventDate "2022.06.18"]
[EventType "swiss"]
[EventCountry "CRO"]
[SourceTitle "playchess.com"]
[Source "ChessBase"]
[SourceQuality "1"]
[TimeControl "5400+30"]

1. d4 d5 2. Bf4 c5 3. e3 Nc6 4. c3 Nf6 5. Nd2 Bf5 6. Ngf3 {[%emt 0:03:13] D00: 1 d4 d5: Unusual lines.} Qb6 7. Qb3 c4 8. Qxb6 {[%emt 0:00:09] The position is equal.} axb6 9. a3 b5 10. Rc1 h6 11. h3 {[%emt 0:02:41] The main line 11.h3 scores better than 11.Be2.} Nd7 12. Be2 g5 13. Bh2 {[%emt 0:09:54] [#]} f6 $146 ({Predecessor:} 13... Bg7 14. O-O O-O 15. Rfe1 Bg6 16. Bd1 f5 17. Bc2 Kf7 18. Nf1 e6 19. Bd6 Rh8 20. g3 Ra6 21. Bb4 Bf6 22. Kg2 h5 23. h4 g4 {½-½ (23) Mostbauer,F (2296)-Haba,P (2458) Traun 2017}) 14. O-O e5 15. Ne1 Bg6 {[%emt 0:04:14] Against Bh5} 16. f4 (16. Bf3 $11) 16... gxf4 $17 17. exf4 (17. Nc2 $17) 17... exd4 $19 18. cxd4 Nxd4 19. Bf3 Nc5 (19... Bc5 20. Kh1) 20. f5 Bf7 (20... Bxf5 21. Bh5+ Ke7 22. Kh1 $17) 21. Kh1 (21. Nc2 $142 Nxf3+ 22. Rxf3) 21... O-O-O 22. Bg1 Ndb3 (22... Nxf5 23. Bg4 $18) 23. Nxb3 Nxb3 24. Rd1 d4 25. Be4 Nc5 26. Bb1 d3 27. Nf3 Ne4 28. Rfe1 Ng3+ 29. Kh2 Bd6 30. Bb6 Rde8 31. Kg1 Ne2+ 32. Kf1 Bg3 33. Bf2 Bh5 (33... Rhg8 $142 34. Ba2 Rd8 35. Bxg3 Rxg3) 34. Bxd3 cxd3 35. Rxd3 Bxf2 36. Kxf2 Nf4 ({Black should play} 36... Bxf3 $19 37. Rxf3 Nd4 38. Rc3+ Nc6 39. Rxe8+ Rxe8) 37. Rc1+ $2 (37. Rd4 $1 $15) 37... Kb8 38. Rd7 (38. Rd2) 38... Rd8 $2 (38... Rhg8 39. g4 Nxh3+ 40. Kg3 Nf4 $1 ) 39. Rcd1 Kc8 (39... Rdg8 $19 40. Rg1 Rc8) 40. R7d4 $17 Bxf3 41. Kxf3 Nh5 $1 42. Rc1+ Kb8 43. Rxd8+ (43. Rcd1 $17 Rxd4 44. Rxd4) 43... Rxd8 {[%emt 0:00:05][%mdl 4096] Endgame KRN-KR} 44. g4 Ng7 45. Rc5 b4 46. axb4 Ne8 47. Kg3 Rd3+ 48. Kh4 Nd6 $2 {[%emt 0:00:18] Inhibits Rc4.} (48... Ng7 $1 $17 {Threatens to win with ...Rd4.} 49. Rc4 Rd2) 49. Rc3 $1 $11 Rd4 50. Kh5 Rxb4 51. b3 Ne4 52. Re3 Kc7 53. Kxh6 Kd6 54. Kg6 Ke5 55. Rf3 (55. h4 $11) 55... Ng5 ({Black should try} 55... Rd4 $1 $17 {And now ...b5 would win.} 56. Re3 b5) 56. Re3+ (56. Rd3 $11) 56... Ne4 (56... Kf4 $17 57. Rc3 Rb6) 57. Rf3 $19 {[%emt 0:00:13] [#]} Nc5 $2 (57... Rd4 $1 $19 {...b5 is the strong threat.} 58. Re3 b5) 58. Re3+ (58. Rc3 $11 Ne4 59. Rf3) 58... Kf4 $15 59. Rc3 Ne4 ({But not} 59... Nxb3 60. Kxf6 Nd4 61. Kg6 $11) 60. Rd3 b5 ({Better is} 60... Nf2 $15 61. Rc3 Ne4) 61. g5 $11 Nc5 62. Rc3 Ne4 $2 (62... Nd7 $11 {and Black is okay.}) 63. gxf6 $18 {[%emt 0:00:18] Black must now prevent f7.} Nd6 $2 (63... Nxc3 $2 64. f7 Rxb3 65. f8=Q $18 (65. f6 Ne4 $16)) (63... Rd4 $18) 64. Rd3 ({Less strong is} 64. f7 Nxf7 65. Kxf7 Kxf5 $16) 64... Ke5 {[%emt 0:00:00] [#]} 65. Rxd6 $1 {[%emt 0:00:18][%mdl 512] White mates.} Rxb3 {[%emt 0:00:16] KR-KR} (65... Kxd6 66. f7) 66. f7 Rg3+ 67. Kh7 Kxd6 68. f8=Q+ Kd5 69. h4 Rh3 70. Kg6 Rxh4 71. Qd8+ {[%emt 0:00:02] Never resign too early!  Weighted Error Value: White=0.45/Black=0.45} 1-0